 Dungeon Crawl Stone Soup version 0.22.1-2-g9c5b331 (webtiles) character file.

1504 magicm the Cleaver (level 8, -2/71 HPs)
             Began as a Hill Orc Fighter on Nov 20, 2018.
             Was an Initiate of Beogh.
             Succumbed to Sigmund's poison
             ... on level 4 of the Dungeon.
             The game lasted 00:19:10 (5693 turns).

magicm the Cleaver (Hill Orc Fighter)               Turns: 5693, Time: 00:19:12

Health: -2/71      AC:  9    Str: 19    XL:     8   Next: 82%
Magic:  8/8        EV:  8    Int:  8    God:    Beogh [......]
Gold:   312        SH: 10    Dex: 12    Spells: 7/7 levels left

rFire    + . .     SeeInvis .   a - +0 war axe
rCold    x . .     Gourm    .   c - +0 shield
rNeg     . . .     Faith    .   b - +0 scale mail
rPois    .         Spirit   .   (helmet restricted)
rElec    .         Reflect  .   (no cloak)
rCorr    .         Harm     .   x - +0 pair of gloves
MR       .....                  u - +0 pair of boots
Stlth    ..........             (no amulet)
HPRegen  0.21/turn              e - ring of fire
MPRegen  0.11/turn              (no ring)

@: lethally poisoned (-2 -> -41)
A: antennae 1, sense surroundings 1
a: Renounce Religion


You were on level 4 of the Dungeon.
You worshipped Beogh.
Beogh was noncommittal.
You were not hungry.

You visited 1 branch of the dungeon, and saw 5 of its levels.

You collected 312 gold pieces.

Inventory:

Hand Weapons
 a - a +0 war axe (weapon)
Armour
 b - a +0 scale mail (worn)
 c - a +0 shield (worn)
 n - a +0 helmet
 u - a +0 pair of boots (worn)
 x - a +0 pair of gloves (worn)
Jewellery
 e - a ring of fire (left hand)
 p - a +2 amulet of reflection {unknown}
Wands
 l - a wand of iceblast (5)
 w - a wand of paralysis (11)
Scrolls
 g - a scroll of fear
 h - 5 scrolls of fog
 m - a scroll of teleportation
 r - a scroll of blinking
 v - a scroll of remove curse
Potions
 d - a potion of might
 i - a potion of flight
 o - a potion of mutation
 q - a potion of lignification {unknown}
 s - a potion of magic
Comestibles
 f - 2 rations


   Skills:
 + Level 6.3 Fighting
 + Level 9.6 Axes
 + Level 5.2 Armour
 + Level 1.7 Dodging
 + Level 0.3 Stealth
 + Level 6.2 Shields
 + Level 0.1 Evocations


You had 7 spell levels left.
You didn't know any spells.
Your spell library contained the following spells:

 Spells                   Type           Power        Failure   Level  Hunger
 Sandblast                Erth           #.....       98%         1    ##.....
 Passwall                 Tmut/Erth      #.......     99%         2    ###....
 Stone Arrow              Conj/Erth      #.....       100%        3    ####...
 Petrify                  Tmut/Erth      #.......     100%        4    #####..
 Lee's Rapid Deconstruct  Erth           #.........   100%        5    ######.


Dungeon Overview and Level Annotations

Branches:
Dungeon (5/15)
 Temple: D:4-7

Altars:
Cheibriados
Kikubaaqudgha
Xom
Zin

Annotations:
D:5 Sigmund


Innate Abilities, Weirdness & Mutations

You have a pair of small antennae on your head.
You passively map a small area around you.


Message History

* * * LOW HITPOINT WARNING * * *
You feel very sick. Something hits you but does no damage.
You are more poisoned.
* * * LOW HITPOINT WARNING * * *
You feel very sick.
* * * LOW HITPOINT WARNING * * *
You feel very sick. Something hits you.
* * * LOW HITPOINT WARNING * * *
There is a stone staircase leading up here.
You see here a tomahawk.
* * * LOW HITPOINT WARNING * * *
You feel very sick.
Sigmund appears from thin air!
Reactivating autopickup.
Sigmund hits you from afar with a scythe of venom.
* * * LOW HITPOINT WARNING * * *
You climb upwards.
You die...

#.#..#..###.##.#.##.###.# #.###
#.#.........##.#>#...##.#####>###
#..#.######.##..#.............##.
#.#..# #.####.#...##.########.
.###.# ####.# #.##........#####.
..#..# #....# #..[..............
##)#.# #....# #...........#####.
##.#.###...#####.................
.#.#.##.........@..........#####.
...........................# ##
.#.#.####.#.########.......# #
##.#.####.#.# ##.###### ##
##.#........# #.# #.
##.######.### #.# #.
.#.###.##.###########.# #.
.#.##...#.............# #.
...........############ ####.


There were no monsters in sight!

Vanquished Creatures
  Pikel (D:5)
  A sky beast (D:5)
  4 slaves (D:5)
  5 big kobolds (D:3)
  A scorpion (D:4)
  A crimson imp (D:3)
  An orc wizard (D:5)
  2 hounds
  Ijyb (D:5)
  6 worker ants
  A hound skeleton (D:4)
  2 gnolls
  8 adders
  2 oozes
  5 worms
  6 dart slugs
  11 orcs
  4 ball pythons
  6 giant cockroaches
  10 goblins
  6 hobgoblins
  3 quokkas
  13 bats
  7 frilled lizards
  54 kobolds
  3 rats
164 creatures vanquished.

Vanquished Creatures (others)
  A howler monkey (D:5)
  2 orc wizards (D:5)
  3 orcs (D:5)
  A giant cockroach zombie (D:5)
7 creatures vanquished.

Grand Total: 171 creatures vanquished

Notes
Turn   | Place    | Note
-------+----------+-------------------------------------------
     0 | D:1      | magicm the Hill Orc Fighter began the quest for the Orb.
     0 | D:1      | Reached XP level 1. HP: 19/19 MP: 1/1
    87 | D:1      | Reached XP level 2. HP: 27/27 MP: 2/2
   496 | D:1      | Reached skill level 3 in Axes
   521 | D:1      | Reached XP level 3. HP: 33/33 MP: 3/3
   886 | D:1      | Found an ancient bone altar of Kikubaaqudgha.
  1066 | D:2      | Reached XP level 4. HP: 36/41 MP: 4/4
  1186 | D:2      | Found a snail-covered altar of Cheibriados.
  1186 | D:2      | Found a shimmering altar of Xom.
  1522 | D:2      | Reached skill level 4 in Axes
  1745 | D:2      | Reached XP level 5. HP: 47/47 MP: 5/5
  2488 | D:3      | Reached skill level 5 in Axes
  2534 | D:3      | Noticed a big kobold
  2535 | D:3      | Noticed a big kobold
  2537 | D:3      | Noticed a big kobold
  2544 | D:3      | Killed a big kobold
  2544 | D:3      | Reached XP level 6. HP: 44/53 MP: 6/6
  2548 | D:3      | Reached skill level 1 in Dodging
  2553 | D:3      | Reached skill level 6 in Axes
  2859 | D:3      | Reached skill level 5 in Fighting
  2892 | D:3      | Reached XP level 7. HP: 60/61 MP: 7/7
  2909 | D:3      | Reached skill level 5 in Shields
  2953 | D:3      | Reached skill level 7 in Axes
  3485 | D:3      | Found a glowing silver altar of Zin.
  4699 | D:5      | Entered Level 5 of the Dungeon
  4716 | D:5      | Reached skill level 8 in Axes
  4716 | D:5      | Reached skill level 5 in Armour
  4716 | D:5      | Reached XP level 8. HP: 45/69 MP: 8/8
  4846 | D:5      | Became a worshipper of Beogh the Brigand
  4868 | D:5      | Noticed Ijyb
  4885 | D:5      | Killed Ijyb
  5245 | D:5      | Noticed Pikel
  5270 | D:5      | Noticed Sigmund
  5272 | D:5      | Killed Pikel
  5272 | D:5      | Reached skill level 9 in Axes
  5494 | D:4      | Gained mutation: You passively map a small area around you.
                  | [potion of mutation]
  5494 | D:4      | Gained mutation: You have a pair of small antennae on your
                  | head. [potion of mutation]
  5692 | D:5      | HP: 3/71 [Sigmund/scythe of venom (1)]
  5693 | D:4      | Succumbed to Sigmund's poison

Skill      XL: |  1  2  3  4  5  6  7  8 |
---------------+-------------------------+-----
Fighting       | 4 5 6 |  6.3
Axes           | 3 4 5 6 8 9 |  9.6
Shields        | 4 5 6 |  6.2
Armour         | 4 5 |  5.2
Dodging        | 1 |  1.7
Stealth        | |  0.3
Evocations     | |  0.1

Action                   |  1- 3 |  4- 6 |  7- 9 || total
-------------------------+-------+-------+-------++-------
Melee: War axe           |    95 |   232 |   239 ||   566
Invok: Convert to Beogh  |       |       |     1 ||     1
Evoke: Wand              |       |       |     2 ||     2
  Use: Scroll            |     7 |     2 |     1 ||    10
       Potion            |       |       |     6 ||     6
  Eat: Ration            |     1 |     1 |     3 ||     5
Armor: Scale mail        |    43 |   106 |   105 ||   254
Dodge: Dodged            |    36 |    85 |    75 ||   196
Block: Shield            |    66 |   161 |   131 ||   358
